 Dungeon Crawl Stone Soup version 0.30-a0-972-gf3ab3527aa (webtiles) character file.

Game seed: 11434322372468209245

368 Chaicat the Chopper (level 6, -8/56 HPs)
             Began as a Minotaur Berserker on Mar 30, 2023.
             Was a Priest of Trog.
             Mangled by an ogre
             ... wielding a +0 giant club
              (25 damage)
             ... on level 4 of the Dungeon on Mar 31, 2023.
             The game lasted 00:10:35 (2695 turns).

Chaicat the Chopper (Minotaur Berserker)            Turns: 2695, Time: 00:10:36

Health: -8/56      AC: 14    Str: 23    XL:     6   Next: 41%
Magic:  5/5        EV:  9    Int:  4    God:    Trog [***...]
Gold:   174        SH:  0    Dex: 10    Spells: 5/5 levels left

rFire   + . .      SeeInvis .    k - +1 broad axe
rCold   + . .      Faith    .    (no shield)
rNeg    . . .      Spirit   .    h - +0 chain mail
rPois   .          Reflect  .    (helmet restricted)
rElec   .          Rampage  .    i - scarf {rC+ rF+}
rCorr   .                        c - +0 pair of gloves
Will    .....                    (no boots) Stlth
                                 (no amulet)
HPRegen 0.29/turn                j - +4 ring of slaying
MPRegen 0.09/turn                o - +4 ring of protection

@: no status effects
A: horns 2, retaliatory headbutt
a: Renounce Religion, Berserk, Trog's Hand


You were on level 4 of the Dungeon.
You worshipped Trog.
Trog was most pleased with you.
You visited 1 branch of the dungeon, and saw 4 of its levels.

You collected 174 gold pieces.

Inventory:

Hand Weapons
 k - a +1 broad axe (weapon)
Missiles
 f - 4 throwing nets (quivered)
Armour
 c - a +0 pair of gloves (worn)
 h - a +0 chain mail (worn)
 i - a scarf of resistance (worn)
Jewellery
 j - a +4 ring of slaying (left hand)
 o - a +4 ring of protection (right hand)
Wands
 e - a wand of quicksilver (5)
Potions
 a - a potion of lignification
 b - 2 potions of heal wounds
 d - a potion of cancellation
 g - 3 potions of curing
 l - a potion of haste
 m - 2 potions of ambrosia
 n - 2 potions of mutation {unknown}


   Skills:
 + Level 5.3 Fighting
 + Level 5.4 Axes
 + Level 4.6 Armour
 + Level 4.1 Dodging


You had 5 spell levels left.
You didn't know any spells.
Your spell library was empty.

Dungeon Overview and Level Annotations

Branches:
Dungeon (4/15)
 Temple: D:4-7

Altars:
Sif Muna

Shops:
D:3 ?


Innate Abilities, Weirdness & Mutations

You have a pair of horns on your head.
You reflexively headbutt those who attack you in melee.


Message History

You kill the hobgoblin!
Trog accepts your kill.
No target in view!
p - a scroll of identify
As you read the scroll of identify, it crumbles to dust.
g - 3 potions of curing
There is a stone staircase leading down here.
A giant cockroach and a kobold come into view.
Found a whip and a scroll labelled TECVIQ MYBAIJU.
The kobold shouts!
A ball python comes into view.
The ball python hisses angrily.
An ogre comes into view. It is wielding a +0 giant club.
You barely miss the giant cockroach. The giant cockroach barely misses you.
The giant cockroach completely misses you.
You furiously retaliate!
You headbutt the giant cockroach.
You kill the giant cockroach!
Trog accepts your kill.
Found a scroll of identify.
The kobold hits you but does no damage.
You see here a giant cockroach corpse.
You slash the kobold!
You kill the kobold!
Trog accepts your kill.
You slash the ball python!
You kill the ball python!
Trog accepts your kill.
You hit the ogre.
The ogre is lightly wounded.
The ogre hits you with a +0 giant club!
You completely miss the ogre. Your headbutt misses the ogre.
The ogre is lightly wounded.
The ogre hits you with a +0 giant club!!
You are too injured to fight recklessly!
You are too injured to fight recklessly!
You are too injured to fight recklessly!
You are too injured to fight recklessly!
You hit the ogre.
The ogre is moderately wounded.
The ogre hits you with a +0 giant club!!
You die...

#######
......##################
#####.......>...........
####...####.![......
##.....####@.......
#.......# #O)......
#.......# #........
#..[....# #.)...?..
##.....## #........
##.....## #........
#.......# #........
#.......# ##?######
#.......##


You could see an ogre.

Vanquished Creatures
  A scorpion (D:3)
  Jessica (D:2)
  2 orc wizards (D:3)
  7 gnolls
  6 adders
  An ufetubus (D:4)
  A worm (D:2)
  4 dart slugs
  7 orcs
  7 endoplasms
  10 giant cockroaches
  7 goblins
  4 hobgoblins
  12 ball pythons
  5 bats
  5 frilled lizards
  7 kobolds
  8 rats
95 creatures vanquished.

Vanquished Creatures (others)
  A plant (D:3)
1 creature vanquished.

Grand Total: 96 creatures vanquished

Notes
Turn   | Place    | Note
-------+----------+-------------------------------------------
     0 | D:1      | Chaicat the Minotaur Berserker began the quest for the Orb.
     0 | D:1      | Reached XP level 1. HP: 19/19 MP: 0/0
    38 | D:1      | Upgraded the game from 0.30-a0-964-gd452b5e7fa to
                  | 0.30-a0-965-g42e074c17a
   284 | D:1      | Reached XP level 2. HP: 27/27 MP: 1/1
   759 | D:2      | Reached XP level 3. HP: 33/33 MP: 2/2
   812 | D:2      | Reached ** piety under Trog
   892 | D:2      | Noticed Jessica
   901 | D:2      | Killed Jessica
   902 | D:2      | Reached XP level 4. HP: 27/40 MP: 3/3
  1103 | D:2      | Found a shimmering blue altar of Sif Muna.
  1387 | D:3      | Reached XP level 5. HP: 42/47 MP: 4/4
  1435 | D:3      | Found Ajiavu's Magic Scroll Boutique.
  1741 | D:3      | Found a faded altar of an unknown god.
  1847 | D:3      | Reached skill level 5 in Fighting
  1847 | D:3      | Reached skill level 5 in Axes
  1909 | D:3      | Reached *** piety under Trog
  1992 | D:3      | Reached XP level 6. HP: 40/56 MP: 5/5
  2056 | D:3      | Upgraded the game from 0.30-a0-965-g42e074c17a to
                  | 0.30-a0-972-gf3ab3527aa
  2695 | D:4      | Mangled by an ogre

Illustrated notes

Levels and vault maps discovered:
D:1:      kennysheep_arrival_forest, layout_basic
D:2:      layout_rooms, basic_altar, uniq_jessica
D:3:      layout_loops_ring, ebering_ecumenical_altar_box, serial_shops,
          nicolae_lakefront_shop, dk_vineyard_3, serial_bayou_lake_a
D:4:      layout_rooms, minmay_temple_entry_ruins

Skill      XL: |  1  2  3  4  5  6 |
---------------+-------------------+-----
Axes           | 4 5 |  5.4
Fighting       | 4 5 |  5.3
Armour         | 3 4 |  4.6
Dodging        | 3 4 |  4.1

Action                     |  1- 3 |  4- 6 || total
---------------------------+-------+-------++-------
  Melee: Hand axe          |    71 |    17 ||    88
         Punch             |     3 |     1 ||     4
         Headbutt          |     4 |    16 ||    20
         Broad axe         |       |    79 ||    79
    Use: Scroll            |     6 |     7 ||    13
 Armour: Animal skin       |     7 |       ||     7
         Chain mail        |    30 |    59 ||    89
  Dodge: Dodged            |    30 |    38 ||    68

Table legend: (Time is in decaauts)
 A = Elapsed time spent in this place.
 B = Non-inter-level travel time spent in this place.
 C = Inter-level travel time spent in this place.
 D = Time resting spent in this place.
 E = Time spent auto-exploring this place.
 F = Levels seen in this place.
 G = Mean time per level.
                   A        B        C        D        E       F      G
               +--------+--------+--------+--------+--------+-----+--------+
         Total |   2760 |   2716 |     44 |     46 |   2119 |   4 |  690.0 |
       Dungeon |   2760 |   2716 |     44 |     46 |   2119 |   4 |  690.0 |
               +--------+--------+--------+--------+--------+-----+--------+

Top non-repeatable levels by time:
     D:3: 1099 daAuts
     D:1: 758 daAuts
     D:2: 567 daAuts
     D:4: 335 daAuts
